 Dungeon Crawl Stone Soup version 0.24.0-13-gcf9b3192b9 (webtiles) character file.

Game seed: 10727354369595868547, levelgen mode: deterministic

10588 Amplified the Fighter (level 11, 0/93 HPs)
             Began as a Barachi Skald on Nov 9, 2019.
             Was a Priest of Cheibriados.
             Slain by a deep elf mage
             ... wielding a +0 long sword
              (6 damage)
             ... on level 11 of the Dungeon.
             The game lasted 00:32:59 (12540 turns).

Amplified the Fighter (Barachi Skald)              Turns: 12540, Time: 00:32:59

Health: 0/93       AC: 11    Str: 22    XL:     11   Next: 64%
Magic:  17/21      EV: 20    Int: 30    God:    Cheibriados [***...]
Gold:   723        SH:  0    Dex: 19    Spells: 8/20 levels left

rFire    . . .     SeeInvis .   v - +4 dagger (venom)
rCold    . . .     Gourm    .   (no shield)
rNeg     + . .     Faith    .   g - +2 robe {rN+}
rPois    .         Spirit   .   j - +1 helmet
rElec    +         Reflect  .   t - +1 cloak
rCorr    .         Harm     .   (no gloves)
MR       +....     Clarity  +   q - +1 pair of boots
Stlth    ++........             s - amulet "Xoivvuom" {Regen+ Int+4}
HPRegen  1.65/turn              n - ring "Goilusex" {rElec EV+6 Int+4}
MPRegen  0.17/turn              w - ring of protection from magic

@: confusing touch, can't hop, regenerating (expiring), very slow
A: +LOS, swims, blink, clarity, high mp 1, slowness 1, weak 1, strong legs 1
a: Hop, Blink, Bend Time, Temporal Distortion, Renounce Religion


You were on level 11 of the Dungeon.
You worshipped Cheibriados.
Cheibriados was most pleased with you.
You were not hungry.

You visited 2 branches of the dungeon, and saw 12 of its levels.

You collected 723 gold pieces.

Inventory:

Hand Weapons
 a - a +1 falchion
 v - a +4 dagger of venom (weapon)
 y - a cursed -2 rapier
 B - a +0 great sword
Missiles
 c - 8 javelins
 f - 51 poisoned darts (quivered)
Armour
 b - the +1 scale mail "Hejazxuc" {rPois rF- rN+ Dex+2}
   (You found it on level 6 of the Dungeon)

   It affects your dexterity (+2).
   It makes you vulnerable to fire.
   It protects you from poison.
   It protects you from negative energy.
 g - a +2 robe of positive energy (worn)
 j - a +1 helmet (worn)
 q - a +1 pair of boots (worn)
 t - a +1 cloak (worn)
Jewellery
 e - a cursed ring of attention
 l - an uncursed amulet of the acrobat
 n - the ring "Goilusex" (left hand) {rElec EV+6 Int+4}
   (You took it off a crimson imp on level 6 of the Dungeon)

   [ring of evasion]

   It affects your evasion (+6).
   It affects your intelligence (+4).
   It insulates you from electricity.
 s - the amulet "Xoivvuom" (around neck) {Regen+ Int+4}
   (You found it on level 6 of the Dungeon)

   [amulet of regeneration]

   It affects your intelligence (+4).
   It increases your rate of regeneration.
 w - a ring of protection from magic (right hand)
 x - an uncursed ring of ice
 z - the amulet of Palam {Harm *Drain rElec rC+ Dex+3}
   (You found it on level 10 of the Dungeon)

   [amulet of harm]

   It increases damage dealt and taken.
   It affects your dexterity (+3).
   It protects you from cold.
   It insulates you from electricity.
   It causes draining when unequipped.
Wands
 k - a wand of flame (5)
Scrolls
 o - 2 scrolls of remove curse
 u - a scroll of immolation
 C - a scroll of enchant weapon
Potions
 h - 2 potions of brilliance
 i - 2 potions of magic
 m - a potion of flight
 p - 2 potions of curing
 r - 3 potions of mutation
Comestibles
 d - 14 rations
 A - 3 chunks of flesh


   Skills:
 * Level 11.3 Fighting
 * Level 11.3 Long Blades
 * Level 7.5 Armour
 - Level 2.9 Dodging
 - Level 5.4 Spellcasting
 - Level 4.9 Hexes
 - Level 6.3 Charms
 * Level 5.4 Invocations


You had 8 spell levels left.
You knew the following spells:

 Your Spells              Type           Power        Failure   Level  Hunger
a - Conjure Flame         Conj/Fire      #.......     17%         3    None
b - Song of Slaying       Chrm           #####...     1%          2    None
c - Spectral Weapon       Hex/Chrm       #####...     1%          3    None
d - Regeneration          Chrm/Necr      ####......   4%          3    None
e - Confusing Touch       Hex            #####.       1%          1    None

Your spell library contained the following spells:

 Spells                   Type           Power        Failure   Level  Hunger
 Corona                   Hex            #####..      1%          1    None
 Infusion                 Chrm           ####         1%          1    None
 Shroud of Golubria       Chrm/Tloc      ####..       2%          2    None
 Confuse                  Hex            #####...     2%          3    None
 Tukima's Dance           Hex            #####...     2%          3    None
 Ensorcelled Hibernation  Hex/Ice        ###...       3%          2    None
 Animate Skeleton         Necr           N/A          5%          1    None
 Apportation              Tloc           #.....       5%          1    None
 Flame Tongue             Conj/Fire      #....        5%          1    None
 Summon Small Mammal      Summ           #...         5%          1    None
 Dazzling Spray           Conj/Hex       ###...       6%          3    None
 Inner Flame              Hex/Fire       ###.....     6%          3    None
 Throw Flame              Conj/Fire      #.....       9%          2    None
 Sticky Flame             Conj/Fire      #.......     50%         4    ###....
 Fireball                 Conj/Fire      #.........   83%         5    #####..


Dungeon Overview and Level Annotations

Branches:
Dungeon (11/15)            Temple (1/1) D:7            Lair (0/6) D:9
    Orc: D:9-12

Altars:
Ashenzari
Cheibriados
Dithmenos
Elyvilon
Fedhas
Gozag
Hepliaklqana
Kikubaaqudgha
Makhleb
Nemelex Xobeh
Okawaru
Qazlal
Ru
Sif Muna
Trog
Uskayaw
Vehumet
Wu Jian
Xom
Yredelemnul
Zin
The Shining One
Beogh
Lugonu

Annotations:
D:7 3 runed translucent doors, Gumption's ghost, novice DrFE
D:11 Take it easy for Cheibrah


Innate Abilities, Weirdness & Mutations

Shadows flee at your approach. (+LOS)
You can swim through water.
You cover ground slowly.
You can hop short distances.
You can translocate small distances at will.
You possess an exceptional clarity of mind.
You have an increased reservoir of magic. (+10% MP)
You are weak. (Str -2)


Message History

The ogre mage misses you.
The two-headed ogre hits you with a +0 giant spiked club!!
The two-headed ogre hits you with a +0 giant club!
The ogre mage hits you with a +0 spear.
The two-headed ogre hits you with a +0 giant spiked club!!
* * * LOW HITPOINT WARNING * * *
The two-headed ogre misses you.
Unknown command.
Unknown command.
The ogre mage hits you from afar with a +0 spear.
* * * LOW HITPOINT WARNING * * *
The ogre mage hits you from afar with a +0 spear.
* * * LOW HITPOINT WARNING * * *
Unknown command.
Okay, then.
Okay, then.
You blink.
You feel slightly more hungry. The hungry ghost closely misses you.
The iron imp laughs crazily.
The deep elf mage hits you with a +0 long sword.
You die...

### #.###########
#.ZO..O#....###
##.####s#.#....#
#.....#O#.#....#######
#>.#.##.#§+...........
#..#.rWOO.#...........
#....@eO#.......####..
#....#.WW.#....##.#
#..
..≈§.§...OO#.......#
#..
.)≈§≈§.....##.######
#.. .§≈§≈≈....... ..#
#.. ≈≈≈≈≈≈≈≈..#.## #.#
#.. §≈≈§≈≈≈≈≈..#.# #.#
#.. §§≈2≈4≈≈≈§.#.# #.#
#.. ≈≈525≈≈≈§≈.§.# #.#
##.


You could see 2 hell beasts, 3 two-headed ogres, an ogre mage, a rust devil, a
deep elf mage, a phantom, 2 hungry ghosts, 2 ogres, 2 iron imps and a quokka.

Vanquished Creatures
  A hydra (D:10)
  A two-headed ogre (D:7)
  Pikel (D:5)
  Psyche (D:9)
  3 trolls
  Grinder (D:6)
  2 hippogriffs
  2 yaks (D:9)
  Sigmund (D:6)
  A wyvern (D:8)
  Eustachio (D:6)
  2 humans (D:9)
  A water moccasin (D:5)
  Duvessa (D:5)
  4 porcupines
  3 black bears
  2 slaves (D:5)
  3 orc warriors
  A necrophage (D:11)
  5 ice beasts
  3 sky beasts
  An eye of draining (D:11)
  4 phantoms
  5 ogres
  7 centaurs
  A crocodile (D:9)
  5 big kobolds
  Blork the orc (D:6)
  6 bullfrogs
  Dowan (D:5)
  5 scorpions
  8 killer bees
  3 howler monkeys (D:8)
  7 crimson imps
  A bullfrog zombie (D:11)
  3 hounds
  2 quasits
  A jelly (D:5)
  Crazy Yiuf (D:4)
  4 orc priests
  5 orc wizards
  A bullfrog skeleton (D:11)
  4 iguanas
  9 worker ants
  A howler monkey zombie (D:9)
  A worker ant zombie (D:8)
  Robin (D:4)
  4 gnolls
  A howler monkey skeleton (D:6)
  12 adders
  2 shadow imps
  An ooze (D:6)
  An adder zombie (D:5)
  2 adder skeletons
  3 worms
  3 dart slugs
  3 leopard geckos
  14 orcs
  2 bats
  3 giant cockroaches
  15 goblins
  12 hobgoblins
  7 jackals
  2 quokkas
  A ball python (D:4)
  7 frilled lizards
  14 kobolds
  A leopard gecko skeleton (D:4)
  7 rats
245 creatures vanquished.

Vanquished Creatures (others)
  A goblin (D:4)
  20 fungi (D:9)
  5 plants (D:9)
  A spectral weapon (D:7)
27 creatures vanquished.

Grand Total: 272 creatures vanquished

Notes
Turn   | Place    | Note
-------+----------+-------------------------------------------
     0 | D:1      | Amplified the Barachi Skald began the quest for the Orb.
     0 | D:1      | Reached XP level 1. HP: 17/17 MP: 3/3
   327 | D:1      | Reached XP level 2. HP: 11/23 MP: 0/5
   634 | D:1      | Learned a level 2 spell: Song of Slaying
   947 | D:1      | Reached XP level 3. HP: 29/29 MP: 6/6
  1517 | D:2      | Noticed a black bear
  1787 | D:2      | Reached XP level 4. HP: 20/35 MP: 1/7
  2343 | D:3      | Reached XP level 5. HP: 25/42 MP: 9/9
  2523 | D:4      | Found an ornate altar of the Wu Jian Council.
  2525 | D:4      | Noticed Robin
  2724 | D:3      | Learned a level 3 spell: Spectral Weapon
  2797 | D:2      | Killed a black bear
  2850 | D:2      | Reached XP level 6. HP: 23/49 MP: 5/10
  2966 | D:2      | Reached skill level 1 in Hexes
  3769 | D:5      | Entered Level 5 of the Dungeon
  4002 | D:5      | Reached skill level 5 in Fighting
  4013 | D:5      | Noticed an orc warrior
  4033 | D:5      | Noticed a water moccasin
  4444 | D:4      | Reached XP level 7. HP: 50/56 MP: 12/12
  4631 | D:4      | Reached skill level 5 in Long Blades
  4807 | D:4      | Killed Robin
  4923 | D:4      | Found a runed translucent door.
  4924 | D:4      | Noticed Crazy Yiuf
  5365 | D:4      | Killed Crazy Yiuf
  5423 | D:5      | Learned a level 3 spell: Regeneration
  5888 | D:5      | Reached XP level 8. HP: 29/64 MP: 13/13
  6634 | D:5      | Noticed Pikel
  6654 | D:5      | Killed Pikel
  6654 | D:5      | Reached skill level 5 in Charms
  6759 | D:5      | Reached XP level 9. HP: 64/72 MP: 13/15
  6884 | D:5      | Noticed Dowan
  7023 | D:6      | Noticed Blork the orc
  7025 | D:6      | Got a flickering sapphire amulet
  7025 | D:6      | Noticed Sigmund
  7026 | D:6      | Noticed Eustachio
  7033 | D:7      | Found a runed translucent gate.
  7039 | D:7      | Found a runed translucent gate.
  7039 | D:7      | Found a runed translucent gate.
  7041 | D:7      | Noticed Gumption's ghost (novice DrFE)
  7041 | D:7      | Identified the +9 trident "Giantbane" {venom, rC++ MR-}
  7041 | D:7      | Identified the cursed +0 chain mail of Fallacy {+Blink rF+}
  7089 | D:7      | Identified the amulet "Xoivvuom" {Regen+ Int+4} (You found
                  | it on level 6 of the Dungeon)
  7124 | D:6      | Noticed Grinder
  7132 | D:6      | Killed Grinder
  7152 | D:6      | Killed Blork the orc
  7164 | D:6      | Killed Sigmund
  7164 | D:6      | Reached skill level 5 in Spellcasting
  7259 | D:6      | Killed Eustachio
  7395 | D:6      | Got a heavily runed scale mail
  7406 | D:6      | Identified the cursed +1 scale mail "Hejazxuc" {rPois rF-
                  | rN+ Dex+2} (You found it on level 6 of the Dungeon)
  7579 | D:6      | Identified the ring "Goilusex" {rElec EV+6 Int+4}
  7840 | D:7      | Learned a level 3 spell: Conjure Flame
  8054 | D:7      | Gained mutation: You possess an exceptional clarity of
                  | mind. [potion of mutation]
  8054 | D:7      | Gained mutation: You are weak. (Str -2) [potion of
                  | mutation]
  8054 | D:7      | Gained mutation: You can translocate small distances at
                  | will. [potion of mutation]
  8054 | D:7      | Gained mutation: You have an increased reservoir of magic.
                  | (+10% MP) [potion of mutation]
  8217 | D:7      | Found a staircase to the Ecumenical Temple.
  8271 | D:7      | Found a roughly hewn altar of Beogh.
  8314 | Temple   | Entered the Ecumenical Temple
  8395 | Temple   | Became a worshipper of Cheibriados the Contemplative
  8862 | D:7      | Reached skill level 1 in Invocations
  8862 | D:7      | Reached XP level 10. HP: 80/83 MP: 15/20
  9091 | D:8      | Noticed a two-headed ogre
  9459 | D:5      | Noticed Duvessa
  9474 | D:5      | Killed Duvessa
  9480 | D:5      | Killed Dowan
  9610 | D:7      | HP: 2/83 [two-headed ogre/+0 giant spiked club (21)]
  9615 | D:7      | Killed a two-headed ogre
  9750 | D:8      | Reached * piety under Cheibriados
 10080 | D:8      | Learned a level 1 spell: Confusing Touch
 10234 | D:8      | Reached skill level 10 in Fighting
 10244 | D:8      | Reached skill level 10 in Long Blades
 10340 | D:8      | Reached skill level 5 in Armour
 10376 | D:9      | Found a staircase to the Lair.
 10947 | D:9      | Noticed Psyche
 10970 | D:9      | Reached XP level 11. HP: 88/92 MP: 18/21
 10992 | D:9      | Killed Psyche
 10992 | D:9      | Reached ** piety under Cheibriados
 11597 | D:9      | Found an iron altar of Okawaru.
 11649 | D:10     | Entered Level 10 of the Dungeon
 11649 | D:10     | Found an ornate altar of the Wu Jian Council.
 11809 | D:10     | Noticed a four-headed hydra
 11813 | D:10     | Reached *** piety under Cheibriados
 11826 | D:10     | Killed a four-headed hydra
 11826 | D:10     | Reached skill level 5 in Invocations
 11993 | D:10     | Got a bound jade amulet
 11997 | D:10     | Identified the amulet of Palam {Harm *Drain rElec rC+
                  | Dex+3} (You found it on level 10 of the Dungeon)
 12395 | D:11     | Noticed a hell beast
 12396 | D:11     | Found a corrupted altar of Lugonu.
 12397 | D:11     | Noticed a hell beast
 12501 | D:11     | Noticed a deep elf mage
 12536 | D:11     | Noticed an ogre mage
 12536 | D:11     | Noticed a two-headed ogre
 12536 | D:11     | Noticed a two-headed ogre
 12537 | D:11     | Noticed a two-headed ogre
 12540 | D:11     | Slain by a deep elf mage

Levels and vault maps discovered:
D:1:      dpeg_arrival_circle_labyrinth_c, layout_basic, corexii_corridor_pit
D:2:      layout_loops_cross, nrook_loot_triangle, kennysheep_generic_room_3
D:3:      layout_loops_ring
D:4:      layout_layer_cave, nicolae_overflow_crystal_walls, first_ration,
          uniq_robin, uniq_crazy_yiuf_cottage
D:5:      layout_basic, minmay_pentangle, uniq_pikel, uniq_duvessa
D:6:      layout_loops_cross, kennysheep_generic_room_2, uniq_grinder,
          uniq_blork_the_orc, uniq_sigmund, uniq_eustachio
D:7:      layout_cave_pods, minmay_temple_entry_offerings,
          biasface_ghost_orc_armoury
D:8:      layout_basic, hangedman_ranch [blue_anna_fruit_fields]
D:9:      layout_cave_pods, due_lair_maze_entry_diamond, okawaru_humans,
          uniq_psyche
D:10:     layout_cave_pools, basic_altar
D:11:     layout_basic, zombieorc2_lemuel, lemuel_hellish_altar, uniq_erolcha
Temple:   grunt_wide_crystal_templ

Skill      XL: |  1  2  3  4  5  6  7  8  9 10 11 |
---------------+----------------------------------+-----
Fighting       | 3 4 5 6 7 9 10 11 | 11.3
Long Blades    | 3 4 6 7 9 10 11 | 11.3
Armour         | 2 5 7 |  7.5
Spellcasting   | 3 4 5 |  5.4
Hexes          | 1 2 3 4 |  4.9
Charms         | 4 5 6 |  6.3
Invocations    | 1 4 5 |  5.4
Dodging        | |  2.9

Action                   |  1- 3 |  4- 6 |  7- 9 | 10-12 || total
-------------------------+-------+-------+-------+-------++-------
Melee: Falchion          |   117 |   217 |   431 |    37 ||   802
       Dagger            |       |       |       |   455 ||   455
Throw: Javelin           |     3 |     1 |     1 |       ||     5
       Dart              |       |    18 |    69 |    13 ||   100
 Cast: Infusion          |     4 |     2 |     1 |       ||     7
       Song of Slaying   |     1 |       |       |       ||     1
       Spectral Weapon   |       |       |    20 |    36 ||    56
       Regeneration      |       |       |    15 |    10 ||    25
       Confusing Touch   |       |       |       |    13 ||    13
Invok: Bend Time         |       |       |     1 |     1 ||     2
 Abil: Hop               |     2 |     6 |     5 |     3 ||    16
       Blink             |       |       |     4 |     5 ||     9
Evoke: Wand              |       |     2 |    11 |     7 ||    20
  Use: Potion            |     4 |     8 |     8 |       ||    20
       Scroll            |     3 |     8 |    12 |     7 ||    30
 Stab: Invisible         |       |       |     6 |       ||     6
       Confused          |       |       |     2 |     8 ||    10
       Distracted        |       |       |     2 |     5 ||     7
       Sleeping          |       |       |       |     2 ||     2
  Eat: Ration            |     1 |       |     5 |       ||     6
       Chunk             |       |    10 |     5 |     9 ||    24
Armor: Leather armour    |    37 |    60 |    47 |       ||   144
       Skin              |       |       |    18 |       ||    18
       Robe              |       |       |    83 |   108 ||   191
Dodge: Dodged            |   115 |   149 |   262 |   381 ||   907
       Rpst.: Falchion   |    27 |    41 |    77 |     5 ||   150
